 Dungeon Crawl Stone Soup version 0.28.0-49-g6dfe1f597d (webtiles) character file.

Game seed: 16241334010682085695

65 bnorton916 the Magician (level 3, 0/19 HPs)
             Began as a Deep Elf Fire Elementalist on May 19, 2022.
             Slain by an adder (4 damage)
             ... on level 2 of the Dungeon.
             The game lasted 00:02:02 (2415 turns).

bnorton916 the Magician (DEFE)                      Turns: 2415, Time: 00:02:02

Health: 0/19       AC:  2    Str:  5    XL:     3   Next: 92%
Magic:  6/10       EV: 12    Int: 21    God:
Gold:   61         SH:  0    Dex: 15    Spells: 9/10 levels left

rFire   . . .      SeeInvis .   f - +2 short sword (vamp)
rCold   . . .      Faith    .   (no shield)
rNeg    . . .      Spirit   .   a - +0 robe
rPois   .          Reflect  .   (no helmet)
rElec   .          Harm     .   (no cloak)
rCorr   .          Rampage  .   (no gloves)
Will    .....                   (no boots)
Stlth   ++........              (no amulet)
HPRegen 0.06/turn               (no ring)
MPRegen 0.12/turn               (no ring)

@: lethally poisoned (0 -> -5)
A: no striking features
a: no special abilities


You were on level 2 of the Dungeon.
You visited 1 branch of the dungeon, and saw 2 of its levels.

You collected 61 gold pieces.

Inventory:

Hand Weapons
 f - a +2 vampiric short sword (weapon)
Armour
 a - a +0 robe (worn)
Scrolls
 b - a scroll of acquirement {unknown}
 c - a scroll of identify {unknown}
 d - a scroll of torment {unknown}
 g - a scroll of magic mapping {unknown}
Potions
 e - a potion of magic {unknown}
 h - a potion of might {unknown}


   Skills:
 - Level 2.4 Dodging
 - Level 2.4 Stealth
 + Level 4.1 Spellcasting
 + Level 2.5 Conjurations
 + Level 4.1 Fire Magic


You had 9 spell levels left.
You knew the following spells:

 Your Spells              Type           Power      Damage    Failure   Level
a - Foxfire               Conj/Fire      72%        2x1d7     3%          1

Your spell library contained the following spells:

 Spells                   Type           Power      Damage    Failure   Level
 Scorch                   Fire           42%        2d7       3%          2
 Conjure Flame            Conj/Fire      18%        6-21      9%          3
 Inner Flame              Hex/Fire       12%        N/A       16%         3
 Flame Wave               Conj/Fire      18%        2d6       30%         4
 Animate Armour           Summ/Erth      8%         N/A       75%         4
 Blade Hands              Tmut           2%         N/A       97%         5
 Iron Shot                Conj/Erth      4%         9d2       100%        6


Dungeon Overview and Level Annotations

Branches:
Dungeon (2/15)

Altars:


Message History

Confirm with . or Enter, or press ? or * to list all spells.
You conjure some foxfire!
The bat misses you.
The foxfire hits the adder.
The adder is moderately wounded.
The foxfire hits the adder.
The adder is heavily wounded.
The bat hits you.
A hobgoblin comes into view.
Casting: Foxfire (safe; 3% risk of failure)
Confirm with . or Enter, or press ? or * to list all spells.
You conjure some foxfire!
The hobgoblin shouts!
You hear a shout!
The bat hits you.
The foxfire hits the bat.
You kill the bat!
The foxfire hits the hobgoblin.
The hobgoblin is almost dead.
The adder bites you. x2
Casting: Foxfire (safe; 3% risk of failure)
Confirm with . or Enter, or press ? or * to list all spells.
You conjure some foxfire!
The adder barely misses you. The hobgoblin barely misses you.
The foxfire hits the adder.
The adder is severely wounded.
The adder bites you. The hobgoblin barely misses you.
A goblin comes into view. It is wielding a +0 dagger.
Casting: Foxfire (safe; 3% risk of failure)
Confirm with . or Enter, or press ? or * to list all spells.
You conjure some foxfire!
The adder bites you. The hobgoblin misses you. The adder barely misses you.
The foxfire hits the adder but does no damage.
The adder is severely wounded.
The adder bites you.
You are lethally poisoned!
The adder poisons you! The hobgoblin closely misses you.
Casting: Foxfire (safe; 3% risk of failure)
Confirm with . or Enter, or press ? or * to list all spells.
You conjure some foxfire!
* * * LOW HITPOINT WARNING * * *
You feel sick. The adder bites you.
You die...

....#..#........##
#.....######..#
#....## ##.##
........# #..#
####....#. #..#
...#..#.$## #..#
###.#..#..)!. #..#
..##.##....g#v##
#.. #.. #..rS@#
......g## #....##
#####


You could see an adder (ally target), a hobgoblin, a goblin and a rat.

Vanquished Creatures
  2 adders (D:2)
  A worm (D:2)
  2 dart slugs (D:1)
  4 endoplasms (D:1)
  4 giant cockroaches (D:1)
  A goblin (D:1)
  3 hobgoblins (D:2)
  7 kobolds
  A quokka (D:1)
  4 ball pythons
  3 bats
  A frilled lizard (D:1)
  8 rats
41 creatures vanquished.

Vanquished Creatures (others)
  197 foxfires
197 creatures vanquished.

Grand Total: 238 creatures vanquished

Notes
Turn   | Place    | Note
-------+----------+-------------------------------------------
     0 | D:1      | bnorton916 the Deep Elf Fire Elementalist began the quest
                  | for the Orb.
     0 | D:1      | Reached XP level 1. HP: 10/10 MP: 6/6
   273 | D:1      | Reached XP level 2. HP: 15/15 MP: 5/8
  1495 | D:1      | Reached XP level 3. HP: 18/19 MP: 5/10
  2001 | D:2      | Found a faded altar of an unknown god.
  2415 | D:2      | Slain by an adder

Illustrated notes

Levels and vault maps discovered:
D:1:      amcnicky_arrival_gap_in_the_tavern_cellar, layout_basic, st_stairs_3
D:2:      layout_basic, hellmonk_ecumenical_altar_blasted, kennysheep_path_1,
          minmay_misc_feat_plants, corexii_item_surrounded_by_moat,
          minmay_randomly_rotated_circles, uniq_sigmund

Skill      XL: |  1  2  3 |
---------------+----------+-----
Conjurations   | 2 |  2.5
Spellcasting   | 4 |  4.1
Fire Magic     | 4 |  4.1
Dodging        | |  2.4
Stealth        | |  2.4

Action                   || total
-------------------------++-------
 Cast: Foxfire           ||   119
Armor: Robe              ||     1
Dodge: Dodged            ||    17
